 Dungeon Crawl Stone Soup version 0.29-a0-1023-g6ae1a4a2c7 (webtiles) character file.

Game seed: 5629632747500047728

161 BritishOli the Trooper (level 5, -3/42 HPs)
             Began as a Demonspawn Fighter on Aug 11, 2022.
             Slain by a gnoll
             ... wielding a +0 club
              (5 damage)
             ... on level 3 of the Dungeon.
             The game lasted 00:01:27 (2251 turns).

BritishOli the Trooper (Demonspawn Fighter)         Turns: 2251, Time: 00:01:27

Health: -3/42      AC:  6    Str: 19    XL:     5   Next: 19%
Magic:  5/5        EV:  9    Int:  9    God:
Gold:   162        SH:  4    Dex: 12    Spells: 4/4 levels left

rFire   . . .      SeeInvis .   a - +0 long sword
rCold   . . .      Faith    .   c - +0 buckler
rNeg    . . .      Spirit   .   b - +0 scale mail
rPois   .          Reflect  .   (helmet restricted)
rElec   .          Harm     .   (no cloak)
rCorr   .          Rampage  .   (no gloves)
Will    .....                   (no boots)
Stlth   ..........              (no amulet)
HPRegen 0.14/turn               (no ring)
MPRegen 0.09/turn               (no ring)

@: no status effects
A: antennae 1, demonic guardian 1, spiny 1
a: no special abilities


You were on level 3 of the Dungeon.
You visited 1 branch of the dungeon, and saw 3 of its levels.

You collected 162 gold pieces.

Inventory:

Hand Weapons
 a - a +0 long sword (weapon)
Armour
 b - a +0 scale mail (worn)
 c - a +0 buckler (worn)
 n - the +0 leather armour of Going Fast {rPois Int+4}
   (You found it on level 3 of the Dungeon)

   Int:       It affects your intelligence (+4).
   rPois:     It protects you from poison.
Scrolls
 e - a scroll of fear {unknown}
 f - 2 scrolls of identify {unknown}
 g - 2 scrolls of enchant weapon {unknown}
 l - a scroll of teleportation {unknown}
 m - a scroll of noise {unknown}
Potions
 d - a potion of might
 h - a potion of degeneration {unknown}
 i - a potion of mutation {unknown}
 j - a potion of lignification {unknown}
 k - 3 potions of curing {unknown}


   Skills:
 + Level 3.9 Fighting
 + Level 2.9 Long Blades
 + Level 3.5 Armour
 + Level 3.5 Shields


You had 4 spell levels left.
You didn't know any spells.
Your spell library contained the following spells:

 Spells                   Type           Power      Damage    Failure   Level
 Summon Guardian Golem    Hex/Summ       0%         N/A       99%         3
 Orb of Destruction       Conj           0%         9d5       100%        7
 Spellforged Servitor     Conj/Summ      0%         N/A       100%        7


Dungeon Overview and Level Annotations

Branches:
Dungeon (3/15)

Altars:
Wu Jian

Shops:
D:1 :

Annotations:
D:3 2 transporters, xoxolimbo's ghost, amateur DsFE


Innate Abilities, Weirdness & Mutations

You have a pair of small antennae on your head.
A weak demonic guardian rushes to your aid.
You are partially covered in sharp spines.


Message History

The gnoll is struck by your spines. The gnoll completely misses you.
You block the gnoll's attack. The gnoll barely misses you.
There are monsters nearby!
You slash the gnoll!
You kill the gnoll!
The gnoll barely misses you.
The gnoll hits you from afar with a +0 spear!
The gnoll hits you but does no damage.
The gnoll hits you from afar with a +0 spear.
The endoplasm barely misses you.
The endoplasm jiggles.
You are too injured to fight recklessly!
You hit the endoplasm.
The endoplasm is heavily wounded.
The endoplasm freezes you.
You are frozen.
You barely miss the endoplasm.
The endoplasm is heavily wounded.
The endoplasm freezes you.
You are frozen.
You slash the endoplasm!
You kill the endoplasm!
You slash the gnoll!
The gnoll is almost dead.
You hit the gnoll.
You kill the gnoll!
The gnoll closely misses you. The gnoll is struck by your spines.
The gnoll hits you with a +0 club.
* * * LOW HITPOINT WARNING * * *
Things that are here:
a +0 club; a gnoll corpse The gnoll attacks as you move away!
The gnoll hits you with a +0 spear.
* * * LOW HITPOINT WARNING * * *
The gnoll barely misses you.
You slash the gnoll!
The gnoll is severely wounded.
The gnoll hits you from afar with a +0 spear.
* * * LOW HITPOINT WARNING * * *
A demonic guardian appears!
The gnoll hits you with a +0 club.
You die...

## .. ####. #....
#....##########
.#......?g.@...##### #..
.......)...5g....>.. ...
###.######).......### #.#
# #......#........# #.#
#.####.#........#######..
######........# .......
#.........#...# #....
#.####..###...# #.#<.
#........#. #..##


You could see 2 gnolls and a friendly ufetubus (summoned).

Vanquished Creatures
  An orc priest (D:2)
  2 gnolls (D:3)
  2 adders (D:2)
  A worm (D:3)
  3 orcs (D:2)
  2 endoplasms
  7 giant cockroaches
  5 goblins
  6 hobgoblins
  4 jackals (D:1)
  5 kobolds
  2 quokkas
  A ball python (D:2)
  3 bats
  2 frilled lizards
  9 rats
55 creatures vanquished.

Vanquished Creatures (collateral kills)
  An orc priest (D:2)
1 creature vanquished.

Grand Total: 56 creatures vanquished

Notes
Turn   | Place    | Note
-------+----------+-------------------------------------------
     0 | D:1      | BritishOli the Demonspawn Fighter began the quest for the
                  | Orb.
     0 | D:1      | Reached XP level 1. HP: 18/18 MP: 1/1
   170 | D:1      | Gained mutation: A weak demonic guardian rushes to your
                  | aid. [demonic ancestry]
   170 | D:1      | Reached XP level 2. HP: 20/24 MP: 2/2
   584 | D:1      | Gained mutation: You are partially covered in sharp spines.
                  | [demonic ancestry]
   584 | D:1      | Reached XP level 3. HP: 29/29 MP: 3/3
   779 | D:1      | Found Koiney's Book Shoppe.
  1030 | D:2      | Found a faded altar of an unknown god.
  1127 | D:2      | Found an ornate altar of the Wu Jian Council.
  1489 | D:2      | Discovered your monstrous ancestry.
  1489 | D:2      | Gained mutation: You have a pair of small antennae on your
                  | head. [demonic ancestry]
  1489 | D:2      | Reached XP level 4. HP: 19/37 MP: 4/4
  2196 | D:3      | Found a transporter.
  2199 | D:3      | Found a transporter.
  2199 | D:3      | Noticed xoxolimbo's ghost (amateur DsFE)
  2206 | D:3      | Reached XP level 5. HP: 42/42 MP: 5/5
  2210 | D:3      | Identified the +0 leather armour of Going Fast {rPois
                  | Int+4}
  2251 | D:3      | HP: 2/42 [gnoll/+0 spear (3)]
  2251 | D:3      | Slain by a gnoll

Illustrated notes

Levels and vault maps discovered:
D:1:      dpeg_arrival_prison, layout_loops_cross, serial_shops, shop,
          minmay_misc_feat_secret_circle
D:2:      layout_basic, serial_corexii_hall, corexii_hall_statues_l,
          corexii_hall_statues_l, chequers_hall_statues_y,
          corexii_hall_statues_deadend, shapermc_ecumenical_altar_totnotflames,
          minmay_hexomino_r4
D:3:      layout_basic, trog_three_pillars_becter, lemuel_crystal_altar,
          gammafunk_ghost_arena

Skill      XL: |  1  2 |
---------------+-------+-----
Long Blades    | 2 |  2.9
Shields        | 3 |  3.5
Armour         | 3 |  3.5
Fighting       | |  3.9

Action                   |  1- 3 |  4- 6 || total
-------------------------+-------+-------++-------
Melee: Long sword        |    90 |    39 ||   129
Armor: Scale mail        |    41 |    14 ||    55
Dodge: Dodged            |    46 |    19 ||    65
Block: Buckler           |    20 |     4 ||    24

Table legend: (Time is in decaauts)
 A = Elapsed time spent in this place.
 B = Non-inter-level travel time spent in this place.
 C = Inter-level travel time spent in this place.
 D = Time resting spent in this place.
 E = Time spent auto-exploring this place.
 F = Levels seen in this place.
 G = Mean time per level.
                   A        B        C        D        E       F      G
               +--------+--------+--------+--------+--------+-----+--------+
         Total |   2292 |   2242 |     50 |    247 |   1678 |   3 |  764.0 |
       Dungeon |   2292 |   2242 |     50 |    247 |   1678 |   3 |  764.0 |
               +--------+--------+--------+--------+--------+-----+--------+

Top non-repeatable levels by time:
     D:2: 1300 daAuts
     D:1: 920 daAuts
     D:3: 71 daAuts
